 Dungeon Crawl Stone Soup version 0.28-a0-465-ge2dae52223 (webtiles) character file.

Game seed: 17832941212188252666

129263 Spaninq the Fencer (level 17, 0/125 HPs)
             Began as a Djinni Cinder Acolyte on Sept 14, 2021.
             Was a High Priest of Ignis.
             Slain by a spriggan berserker (22 damage)
             ... on level 3 of the Swamp.
             The game lasted 02:28:37 (27774 turns).

Spaninq the Fencer (Djinni Cinder Acolyte)         Turns: 27774, Time: 02:28:38

Health: 0/125      AC: 24    Str: 18    XL:     17   Next: 61%
Gold:   2624       EV: 20    Int: 25    God:    Ignis [*****.] SH:  6 Dex: 11

rFire   + + +      SeeInvis .   w - +10 demon blade of Onemu {flame}
rCold   . . .      Faith    .   x - +0 buckler
rNeg    . . .      Spirit   .   f - +1 plate armour {rC+}
rPois   ∞          Reflect  .   N - +1 helmet of Restlessness {rCorr}
rElec   .          Harm     .   D - +1 cloak of Starlight {*Dazzle EV+4 Stlth--}
rCorr   +          Rampage  .   C - +2 pair of gloves {Str+3}
Will    +....                   (boots unavailable)
Stlth   ..........              d - amulet of regeneration
HPRegen 1.30/turn               t - +6 ring of intelligence
MPRegen 0.00/turn               R - ring of the Hare {EV+8}

@: flying
A: sickness immunity, fire resistance 2, cold vulnerability 1, float, innate
caster, hp casting, extra vitality 1
a: Renounce Religion, Sea of Fire, Foxfire Swarm, Rising Flame


You were on level 3 of the Swamp.
You worshipped Ignis.
Ignis was extremely pleased with you.
You visited 5 branches of the dungeon, and saw 27 of its levels.
You also visited: Ossuary, Gauntlet and Ice Cave.

You collected 3130 gold pieces.
You spent 506 gold pieces at shops.

Inventory:

Hand Weapons
 w - the +10 demon blade of Onemu (weapon) {flame}
   (You acquired it on level 5 of the Dungeon)

   It burns those it strikes, dealing additional fire damage.
   Big, fiery blades are also staple armaments of hydra-hunters.
 y - the +4 whip of Intimidation {freeze, rC+ Dex+7}
   (You found it on level 6 of the Dungeon)

   It freezes those it strikes, dealing additional cold damage.
   It can also slow down cold-blooded creatures.
   Dex:       It affects your dexterity (+7).
   rC:        It protects you from cold.
 z - a +0 vorpal demon blade
 S - a +1 scimitar of holy wrath
Armour
 f - a +1 plate armour of cold resistance (worn)
 j - a +1 chain mail of fire resistance
 x - a +0 buckler (worn)
 C - a +2 pair of gloves of strength (worn)
 D - the +1 cloak of Starlight (worn) {*Dazzle EV+4 Stlth--}
   (You bought it in a shop on level 5 of the Dungeon)

   It may blind those who miss an attack against the wearer in melee combat.
   EV:        It affects your evasion (+4).
   Stlth:     It makes you much less stealthy.
 N - the +1 helmet of Restlessness (worn) {rCorr}
   (You found it in a Gauntlet)

   rCorr:     It protects you from acid and corrosion.
Magical Staves
 a - a staff of fire
Jewellery
 d - an amulet of regeneration (around neck)
 e - a ring of resist corrosion
 t - a +6 ring of intelligence (left hand)
 E - a ring of ice
 J - the ring "Kenac" {Fire Will+}
   (You found it on level 1 of the Lair of Beasts)

   [ring of fire]

   It enhances your fire magic.
   rF:        It protects you from fire.
   rC:        It makes you vulnerable to cold.
   Will:      It increases your willpower.
 K - a ring of wizardry
 O - a +4 ring of evasion
 P - a ring of see invisible
 Q - the ring "Xearr" {rN+ Dex+2}
   (You found it on level 6 of the Lair of Beasts)

   [ring of positive energy]

   Dex:       It affects your dexterity (+2).
   rN:        It protects you from negative energy.
 R - the ring of the Hare (right hand) {EV+8}
   (You found it on level 1 of the Orcish Mines)

   [ring of evasion]

   EV:        It affects your evasion (+8).
 T - a ring of protection from cold
Wands
 c - a wand of polymorph (9)
 B - a wand of iceblast (38)
 G - a wand of flame (47)
 L - a wand of digging (9)
 M - a wand of paralysis (5)
Scrolls
 g - 3 scrolls of enchant weapon
 h - 2 scrolls of summoning
 k - 5 scrolls of fog
 o - 3 scrolls of teleportation
 q - 2 scrolls of magic mapping
 r - 2 scrolls of blinking
 F - 3 scrolls of silence
 H - 7 scrolls of identify
 I - 5 scrolls of fear
Potions
 b - 3 potions of brilliance
 i - a potion of haste
 l - 3 potions of might
 m - a potion of cancellation
 n - 3 potions of heal wounds
 p - 3 potions of mutation
 s - 8 potions of curing
 A - 4 potions of ambrosia
Miscellaneous
 v - a lightning rod (4/4)


   Skills:
 + Level 12.9 Fighting
 + Level 15.2 Long Blades
 + Level 11.5 Armour
 + Level 7.8 Dodging
 + Level 10.3 Shields
 + Level 11.3 Spellcasting


You had 6 spell levels left.
You knew the following spells:

 Your Spells              Type           Power      Damage    Failure   Level
a - Scorch                Fire           100%       2d10      1%          2
b - Blink                 Tloc           N/A        N/A       1%          2
c - Lee's Rapid Deconstr  Erth           31%        3d17*     22%         5
d - Call Imp              Summ           63%        N/A       1%          2
e - Vampiric Draining     Necr           31%        2d10      2%          3
f - Shock                 Conj/Air       100%       1d9       1%          1
g - Freezing Cloud        Conj/Ice/Air   31%        6-21      22%         5
h - Summon Cactus Giant   Summ           31%        N/A       77%         6
i - Invisibility          Hex            31%        N/A       77%         6
Your spell library was empty.

Dungeon Overview and Level Annotations

Branches:
Dungeon (14/15)            Temple (1/1) D:5            Lair (6/6) D:10
  Swamp (4/4) Lair:2        Snake (0/4) Lair:2        Slime (0/5) Lair:6
    Orc (2/2) D:9             Elf (0/3) Orc:2        Vaults (0/5) D:13
Ossuary (visited)           IceCv (visited)         Gauntlet (visited)

Altars:
Ashenzari
Cheibriados
Dithmenos
Elyvilon
Fedhas
Gozag
Hepliaklqana
Kikubaaqudgha
Makhleb
Nemelex Xobeh
Okawaru
Qazlal
Ru
Sif Muna
Trog
Uskayaw
Vehumet
Wu Jian
Xom
Yredelemnul
Zin
The Shining One
Jiyva

Shops:
D:1 *=[=   D:5 ![==   D:12 [[(   D:14 *   Orc:2 (!(=

Annotations:
D:10 1 runed translucent door, ytrimaz's ghost, journeyman MiBe
Orc:2 1 runed translucent door, Orlauf's ghost, journeyman OgHu


Innate Abilities, Weirdness & Mutations

You are immune to sickness and miasma.
You are immune to poison.
Your flesh is very heat resistant. (rF++)
You are vulnerable to cold. (rC-)
You float through the air rather than walking.
You learn spells naturally, not from books.
Your magical power is your life essence.
You have superior vitality. (+4 HP)


Message History

The spriggan berserker barely misses you.
Casting: Scorch (safe; 1% risk of failure)
Confirm with . or Enter, or press ? or * to list all spells.
Flames lash the spriggan berserker.
The spriggan berserker is burned terribly!
The spriggan berserker is severely wounded.
The spriggan berserker is engulfed in a cloud of scalding steam.
The spriggan berserker hits you with a +0 hand axe!
The spriggan berserker hits you but does no damage.
The spriggan berserker is engulfed in a cloud of scalding steam.
The spriggan berserker hits you with a +0 hand axe.
Casting: Scorch (safe; 1% risk of failure)
Confirm with . or Enter, or press ? or * to list all spells.
Flames lash the spriggan berserker.
The spriggan berserker is burned terribly!
The spriggan berserker is almost dead.
The spriggan berserker hits you with a +1 antimagic rapier!
The spriggan berserker is engulfed in a cloud of scalding steam.
You block the spriggan berserker's attack.
Casting: Scorch (safe; 1% risk of failure)
Confirm with . or Enter, or press ? or * to list all spells.
Flames lash the spriggan berserker.
The spriggan berserker is burned terribly!
You kill the spriggan berserker!
* * * LOW HITPOINT WARNING * * *
The spriggan berserker is engulfed in a cloud of scalding steam.
The spriggan berserker closely misses you.
The spriggan berserker is engulfed in a cloud of scalding steam.
The spriggan berserker hits you with a +0 hand axe!
* * * LOW HITPOINT WARNING * * *
Casting: Scorch (safe; 1% risk of failure)
Confirm with . or Enter, or press ? or * to list all spells.
Flames lash the spriggan berserker.
The spriggan berserker is burned terribly!
The spriggan berserker is heavily wounded.
* * * LOW HITPOINT WARNING * * *
The spriggan berserker is no longer more vulnerable to fire.
The spriggan berserker is engulfed in a cloud of scalding steam.
The spriggan berserker hits you with a +0 hand axe!!
You die...

≈≈.♣♣ ♣♣§≈♣♣♣♣..≈≈≈♣ ♣♣≈≈≈.≈.
≈≈..♣ ♣.≈.♣♣≈≈.≈≈≈.♣♣ ♣♣♣♣.≈§≈..≈
....♣ ♣♣≈♣♣.≈...≈≈≈.♣ ♣≈♣..≈≈≈.♣♣
...♣♣♣♣♣♣.≈.§≈.≈..^.♣♣♣.§.>...♣♣♣
...≈♣≈♣≈...≈≈≈≈...≈♣♣♣.≈≈≈...≈♣
..♣♣≈≈≈.≈.≈≈≈≈§≈.≈♣♣♣≈.≈≈≈).≈♣♣
♣♣♣≈≈..≈≈≈≈≈≈≈≈..♣♣♣♣.≈≈≈≈≈..♣♣
♣♣≈≈...≈≈≈≈≈≈≈..i[≈.♣.≈≈≈≈≈...♣♣
...≈≈.≈§≈≈.≈≈≈.≈@).≈♣.†≈≈§.≈≈..♣♣
.§≈≈†..≈≈≈.≈§≈.÷.♣♣♣♣.§≈≈≈.≈≈≈≈≈♣
≈.§≈≈.≈.^♣♣♣♣..≈≈♣♣♣♣♣≈♣♣...≈≈≈.♣
♣.≈≈≈....≈♣ ♣♣♣♣...♣ ♣♣♣♣♣♣..≈≈..
♣♣♣§≈.≈≈≈≈♣ ♣≈.≈♣ ♣.≈≈≈..
♣...≈≈§.♣♣♣♣♣♣♣♣♣♣ ♣♣♣♣.≈≈≈..
♣♣♣♣♣≈♣♣♣.≈.♣♣♣♣ ♣♣<.÷.≈..≈§
♣♣♣≈♣♣.≈≈≈♣♣≈♣♣ ♣..≈....≈≈≈
♣≈†≈♣♣≈≈≈≈≈...♣ ♣.≈≈≈.=♣≈≈≈


You could see a spriggan berserker (berserk, regenerating, strong-willed).

Vanquished Creatures
  Frances (D:12)
  Gastronok (Lair:2)
  A thorn hunter (Swamp:2)
  Kirke (Lair:5)
  The ghost of Piss the Geomancer, a journeyman DrEE of Vehumet (Orc:1)
  An orc warlord (Orc:2)
  3 ghouls (Swamp:2)
  4 bunyips (Swamp:3)
  Nessos (Lair:5)
  A minotaur (Gauntlet)
  3 dire elephants (Lair:6)
  The ghost of omnomnOMINOUS the Fighter, a journeyman OpWn of Gozag (Lair:2)
  Josephine (D:12)
  A shambling mangrove (Swamp:2)
  A rakshasa (D:14)
  Harold (Orc:1)
  2 boulder beetles
  10 hydras
  3 centaur warriors
  Erica (Orc:1)
  A spriggan air mage (Swamp:2)
  2 ghost crabs
  2 two-headed ogres
  4 alligators
  The ghost of mdk the Destroyer, a journeyman DECj of Vehumet (Lair:1)
  4 orc high priests
  11 death yaks
  2 spriggan berserkers (Swamp:3)
  Sonja (Lair:2)
  2 spectral death yaks (Lair:6)
  A wretched star (Gauntlet)
  2 goliath frogs
  A spectral anaconda (Lair:6)
  An obsidian statue (Lair:6)
  2 swamp dragons
  A wizard (D:14)
  6 bog bodies
  A lindwurm (shapeshifter) (D:13)
  A deep elf pyromancer (D:12)
  4 necromancers (Lair:6)
  4 orc knights
  An orb spider (shapeshifter) (D:13)
  5 will-o-the-wisps
  4 orc sorcerers
  4 cyclopes (D:12)
  8 ugly things
  A moth of wrath (Gauntlet)
  A manticore (D:14)
  13 elephants
  2 ice statues (D:14)
  2 torpor snails
  2 gargoyles
  2 black mambas
  6 rime drakes
  3 kobold demonologists
  A rime drake (shapeshifter) (D:13)
  15 cane toads
  2 unseen horrors (D:11)
  A tengu conjurer (D:14)
  A freezing wraith (D:14)
  12 komodo dragons
  An ice devil (IceCv)
  4 trolls
  4 polar bears
  8 slime creatures
  12 blink frogs
  4 hornets
  5 tyrant leeches
  A spectral elephant (Lair:6)
  5 spriggans
  5 shadows
  A vampire (D:14)
  6 wraiths
  5 wyverns
  2 basilisks
  73 yaks
  A neqoxec (Gauntlet)
  A steam dragon (D:8)
  A death yak simulacrum (Lair:6)
  15 vampire mosquitoes
  A spectral cane toad (Lair:6)
  3 wargs
  11 swamp worms
  A minotaur simulacrum (IceCv)
  2 hydra simulacra (Lair:1)
  21 water moccasins
  2 acid dragons
  2 ice beasts
  21 orc warriors
  2 black bears (D:10)
  3 elephant zombies (Lair:6)
  2 sky beasts
  3 necrophages
  3 ogres
  12 wolves
  12 centaurs
  2 phantoms
  4 kobold brigands
  16 bullfrogs
  A deep troll simulacrum (IceCv)
  A gnoll sergeant (D:9)
  4 scorpions
  A wyvern zombie (D:7)
  4 cane toad simulacra
  A water moccasin zombie (D:5)
  A wyvern skeleton (D:3)
  A lindwurm simulacrum (Lair:1)
  2 elephant simulacra (Lair:6)
  6 wights
  2 howler monkeys
  A rime drake simulacrum (Lair:1)
  5 centaur zombies
  A wyvern simulacrum (Lair:1)
  A bullfrog zombie (D:5)
  A hound (D:3)
  2 centaur skeletons (D:3)
  16 orc priests
  A jelly (D:6)
  A gnoll shaman (D:8)
  2 iguanas (D:6)
  18 orc wizards
  A polar bear simulacrum (Lair:1)
  A killer bee zombie (D:7)
  8 mummies
  16 adders
  9 gnolls
  A shadow imp (D:6)
  A white imp (D:8)
  An ufetubus (D:5)
  2 adder skeletons
  2 worms
  4 dart slugs
  65 orcs
  5 ball pythons
  3 endoplasms
  4 giant cockroaches
  5 goblins
  9 hobgoblins
  4 jackals (D:2)
  13 kobolds
  5 quokkas
  10 bats
  A frilled lizard (D:3)
  6 hobgoblin zombies (Ossuary)
  5 rats
  3 butterflies
713 creatures vanquished.

Vanquished Creatures (others)
  An alligator (Swamp:4)
  3 humans (Lair:5)
  A swamp drake (Swamp:2)
  An orc priest (Orc:2)
  An orc wizard (Orc:2)
  2 orcs (Orc:2)
  16 demonic plants (Gauntlet)
  47 foxfires
  76 fungi
  126 plants
  22 withered plants (Lair:6)
296 creatures vanquished.

Grand Total: 1009 creatures vanquished

Notes
Turn   | Place    | Note
-------+----------+-------------------------------------------
     0 | D:1      | Spaninq the Djinni Cinder Acolyte began the quest for the
                  | Orb.
     0 | D:1      | Reached XP level 1. HP: 20/20 MP: 0/0
   224 | D:1      | Reached XP level 2. HP: 22/25 MP: 0/0
   295 | D:1      | Found Rayb's Jewellery Shoppe.
   327 | D:1      | Reached XP level 3. HP: 14/30 MP: 0/0
   327 | D:1      | Learned a level 1 spell: Shock
   581 | D:1      | Found Lyelacs's General Store.
   642 | D:1      | Found Vunethruni's Armour Shoppe.
   676 | D:1      | Reached XP level 4. HP: 34/35 MP: 0/0
   678 | D:1      | Found Pata's Jewellery Emporium.
  1557 | D:3      | Reached XP level 5. HP: 35/40 MP: 0/0
  1557 | D:3      | Learned a level 2 spell: Blink
  2105 | D:3      | Reached XP level 6. HP: 40/46 MP: 0/0
  2203 | D:4      | Reached skill level 5 in Spellcasting
  2857 | D:5      | Entered Level 5 of the Dungeon
  2889 | D:5      | Found Tesimiki's Jewellery Shop.
  2907 | D:5      | Identified a scroll of acquirement
  2907 | D:5      | Acquired the +10 demon blade of Onemu {flame}
  2941 | D:5      | Found a staircase to the Ecumenical Temple.
  2959 | D:5      | Reached XP level 7. HP: 42/50 MP: 0/0
  2959 | D:5      | Learned a level 2 spell: Call Imp
  2978 | D:5      | Found a sand-covered staircase.
  3001 | Ossuary  | Entered an ossuary
  3053 | Ossuary  | Reached XP level 8. HP: 52/56 MP: 0/0
  3133 | D:5      | Found Bioriwul's Distillery.
  3219 | D:5      | Found Beizif's Armour Boutique.
  3238 | D:5      | Reached skill level 3 in Long Blades
  3254 | D:5      | Reached skill level 4 in Long Blades
  3293 | D:5      | Found Jatiseh's Jewellery Shop.
  3767 | Temple   | Entered the Ecumenical Temple
  3869 | D:6      | Identified the +4 war axe of Responsibility {vorpal,
                  | Fragile Str+8 SInv}
  3948 | D:6      | Reached skill level 5 in Long Blades
  4086 | D:6      | Found an iron altar of Okawaru.
  4231 | D:1      | Bought a +0 buckler for 49 gold pieces
  4418 | D:6      | Identified the +4 whip of Intimidation {freeze, rC+ Dex+7}
  4435 | D:6      | Reached skill level 1 in Shields
  4435 | D:6      | Reached XP level 9. HP: 59/61 MP: 0/0
  4435 | D:6      | Learned a level 3 spell: Vampiric Draining
  4686 | D:7      | Found a shadowy altar of Dithmenos.
  4808 | D:7      | Reached skill level 6 in Long Blades
  5006 | D:7      | Found a hide-covered altar of Uskayaw.
  5006 | D:7      | Found a snail-covered altar of Cheibriados.
  5435 | D:8      | Reached skill level 7 in Long Blades
  5565 | D:8      | Reached skill level 5 in Fighting
  5572 | D:8      | Reached XP level 10. HP: 69/70 MP: 0/0
  5596 | D:8      | Reached skill level 8 in Long Blades
  5759 | D:8      | Found a broken altar of Ashenzari.
  5763 | D:8      | Saw a vision of the Swamp and the Snake Pit.
  5763 | D:8      | Noticed a black mamba
  5763 | D:8      | Noticed a black mamba
  5763 | D:8      | Noticed a black mamba
  5763 | D:8      | Noticed a black mamba
  5765 | D:8      | Noticed a black mamba
  6339 | D:8      | Reached skill level 9 in Long Blades
  6510 | D:8      | Reached skill level 1 in Armour
  6954 | D:9      | Found a staircase to the Orcish Mines.
  7088 | D:9      | Reached XP level 11. HP: 51/79 MP: 0/0
  7088 | D:9      | Learned a level 5 spell: Lee's Rapid Deconstruction
  7323 | D:10     | Entered Level 10 of the Dungeon
  7323 | D:10     | Noticed a two-headed ogre
  7341 | D:9      | Killed a two-headed ogre
  7787 | D:10     | Found a runed translucent door.
  7787 | D:10     | Found a shimmering altar of Xom.
  7787 | D:10     | Noticed ytrimaz's ghost (journeyman MiBe)
  7787 | D:10     | Noticed a +0 trident of chaos
  7803 | D:10     | Reached skill level 10 in Long Blades
  7988 | D:10     | Found a glowing silver altar of Zin.
  7988 | D:10     | Found a basalt altar of Yredelemnul.
  8283 | D:10     | Found a staircase to the Lair.
  8521 | Lair:1   | Entered Level 1 of the Lair of Beasts
  8558 | Lair:1   | Found a runed translucent gate.
  8559 | Lair:1   | Found a runed translucent gate.
  8561 | Lair:1   | Found a runed translucent gate.
  8732 | Lair:1   | Found a shimmering altar of Xom.
  9059 | Lair:1   | Noticed mdk's ghost (journeyman DECj)
  9841 | Lair:2   | Noticed an elephant
  9842 | Lair:2   | Noticed an elephant
  9842 | Lair:2   | Noticed an elephant
  9851 | Lair:2   | Noticed an elephant
  9851 | Lair:2   | Noticed an elephant
  9853 | Lair:2   | Killed an elephant
  9983 | Lair:2   | Reached XP level 12. HP: 87/87 MP: 0/0
 10029 | Lair:2   | Reached skill level 11 in Long Blades
 10361 | Lair:2   | Found a staircase to the Snake Pit.
 10372 | Lair:2   | Noticed Gastronok
 10383 | Lair:2   | Killed Gastronok
 10384 | Lair:2   | Reached skill level 5 in Armour
 10504 | Lair:2   | Noticed an eight-headed hydra
 10511 | Lair:2   | Killed a five-headed hydra
 10666 | Lair:2   | Noticed Sonja
 10667 | Lair:2   | Found a staircase to the Swamp.
 10674 | Lair:2   | Killed Sonja
 10726 | Lair:2   | Reached skill level 12 in Long Blades
 10910 | Lair:2   | Found a runed translucent door.
 10913 | Lair:2   | Identified the +3 trident "Giantslayer" {freeze, rF+ Str-4
                  | Int+2 SInv}
 10913 | Lair:2   | Noticed a spriggan rider
 10913 | Lair:2   | Noticed omnomnOMINOUS's ghost (journeyman OpWn)
 11099 | Lair:3   | Reached XP level 13. HP: 75/94 MP: 0/0
 11099 | Lair:3   | Learned a level 5 spell: Freezing Cloud
 11757 | Lair:3   | You are sucked into a shaft and drop 3 floors!
 11757 | Lair:6   | Entered Level 6 of the Lair of Beasts
 11757 | Lair:6   | Noticed a five-headed hydra
 11761 | Lair:6   | Noticed a four-headed hydra
 11768 | Lair:6   | Killed a one-headed hydra
 11797 | Lair:6   | Noticed a five-headed hydra
 11825 | Lair:6   | Killed a two-headed hydra
 11842 | Lair:6   | Reached skill level 5 in Shields
 11950 | Lair:4   | Reached skill level 10 in Fighting
 12131 | Lair:4   | Reached skill level 13 in Long Blades
 12463 | Lair:3   | Reached XP level 14. HP: 102/103 MP: 0/0
 13796 | Lair:5   | Noticed Kirke
 13796 | Lair:5   | Noticed Nessos
 14432 | D:11     | Identified the +9 mace of the Warrior {freeze, Drain
                  | Fragile rElec rPois}
 15111 | D:12     | Noticed Frances
 15204 | D:12     | Found a gate leading to a gauntlet.
 15213 | Gauntlet | Entered a Gauntlet
 15213 | Gauntlet | Found a transporter.
 15213 | Gauntlet | Found a transporter.
 15227 | Gauntlet | Found a transporter.
 15227 | Gauntlet | Found a transporter.
 15234 | Gauntlet | Found a transporter.
 15255 | Gauntlet | Found a transporter.
 15273 | Gauntlet | Found a transporter.
 15273 | Gauntlet | Found a transporter.
 15273 | Gauntlet | Found a transporter.
 15276 | Gauntlet | Found a transporter.
 15312 | Gauntlet | Found a transporter.
 15340 | Gauntlet | Found a transporter.
 15386 | Gauntlet | Found a transporter.
 15400 | Gauntlet | Found a transporter.
 15557 | Gauntlet | Found a transporter.
 15573 | Gauntlet | Found a transporter.
 15900 | Gauntlet | Identified the +1 helmet of Restlessness {rCorr}
 15928 | Gauntlet | Noticed a minotaur
 15944 | Gauntlet | Killed a minotaur
 15952 | Gauntlet | Identified the +1 steam dragon scales of Izoec {rPois rF+
                  | Int+5}
 16085 | D:12     | Noticed Josephine
 16110 | D:12     | Killed Josephine
 16220 | D:12     | Found Zaufelux's General Store.
 16236 | D:12     | Found Epin's Antique Weapon Shoppe.
 16388 | D:12     | Killed Frances
 16389 | D:12     | Reached skill level 14 in Long Blades
 16389 | D:12     | Reached skill level 10 in Spellcasting
 16772 | D:12     | Found Zimodgh's Armour Shoppe.
 16779 | D:12     | Found Ulieklen's Antique Armour Shop.
 16965 | D:5      | Bought the +1 cloak of Starlight {*Dazzle EV+4 Stlth--} for
                  | 457 gold pieces
 16965 | D:5      | Found the +1 cloak of Starlight {*Dazzle EV+4 Stlth--}
 17329 | Orc:1    | Entered Level 1 of the Orcish Mines
 17332 | Orc:1    | Noticed Erica
 17341 | Orc:1    | Reached XP level 15. HP: 100/110 MP: 0/0
 17341 | Orc:1    | Learned a level 6 spell: Summon Cactus Giant
 17348 | Orc:1    | Killed Erica
 17503 | Orc:2    | Entered Level 2 of the Orcish Mines
 17505 | Orc:2    | Noticed an orc warlord
 17984 | Orc:2    | Found a staircase to the Elven Halls.
 18016 | Orc:2    | Killed an orc warlord
 18017 | Orc:2    | Reached skill level 1 in Dodging
 18401 | Orc:1    | Found a large runed translucent door.
 18401 | Orc:1    | Found a large runed translucent door.
 18405 | Orc:1    | Noticed Piss's ghost (journeyman DrEE)
 18405 | Orc:1    | Found the ring of the Hare {EV+8}
 18422 | Orc:1    | Noticed Harold
 18430 | Orc:1    | Killed Harold
 19274 | Orc:2    | Found Ownuax's Antique Weapon Shop.
 19274 | Orc:2    | Found Pigemmui's Jewellery Shoppe.
 19278 | Orc:2    | Found Iroel's Antique Weapon Shop.
 19278 | Orc:2    | Found Rajekh's Distillery.
 19367 | Orc:2    | Found a runed translucent door.
 19397 | Orc:2    | Noticed Orlauf's ghost (journeyman OgHu)
 19678 | Lair:1   | Killed mdk's ghost
 19758 | Lair:1   | Got the ring "Kenac" {Fire Will+}
 19943 | Lair:2   | Killed omnomnOMINOUS's ghost
 20075 | Lair:5   | Killed Kirke
 20109 | Lair:5   | Killed Nessos
 20839 | Lair:6   | Found a staircase to the Slime Pits.
 20840 | Lair:6   | Found a viscous altar of Jiyva.
 20907 | Lair:6   | Reached skill level 10 in Armour
 21547 | Lair:6   | Reached XP level 16. HP: 101/118 MP: 0/0
 21900 | Lair:6   | Reached skill level 5 in Dodging
 22391 | Lair:6   | Identified the ring "Xearr" {rN+ Dex+2}
 22757 | Orc:1    | Killed Piss's ghost
 23016 | D:13     | Found a gate to the Vaults.
 23711 | D:13     | Found an ornate altar of the Wu Jian Council.
 23853 | D:14     | Found a frozen archway.
 23898 | IceCv    | Entered an ice cave
 24149 | D:14     | Found Qaith's Changing Room.
 24264 | D:14     | Identified the +2 ring mail "Sirivai" {Stlth+}
 24919 | D:14     | Acquired 701 gold pieces
 25124 | Swamp:1  | Entered Level 1 of the Swamp
 25132 | Swamp:1  | Identified the +2 robe of Salvation {rPois Str+3}
 25633 | Swamp:2  | Reached XP level 17. HP: 125/125 MP: 0/0
 25633 | Swamp:2  | Learned a level 6 spell: Invisibility
 25806 | Swamp:2  | Reached skill level 15 in Long Blades
 25827 | Swamp:2  | Noticed a thorn hunter
 25846 | Swamp:2  | Killed a thorn hunter
 25847 | Swamp:2  | Reached skill level 10 in Shields
 27305 | Swamp:4  | Entered Level 4 of the Swamp
 27774 | Swamp:3  | Slain by a spriggan berserker

Illustrated notes

Levels and vault maps discovered:
D:1:      dpeg_chamrin_arrival_tetris, layout_basic, serial_shops, shop, shop,
          shop, shop
D:2:      layout_loops_ring
D:3:      layout_loops_ring
D:4:      layout_loops_ring
D:5:      layout_loops_cross, minmay_temple_entry_grid,
          nicolae_ossuary_entry_plus, serial_shops, shop, shop,
          nicolae_stop_n_shop_2, shop
D:6:      layout_cave_pools, mainiacjoe_overflow_cross_hatched,
          serial_column_ruins, column_ruins_open_tiny, column_ruins_grid_1,
          column_ruins_columns_straight, column_ruins_open_small,
          column_ruins_grid_3
D:7:      layout_rooms, gammafunk_temple_overflow_pools, grunt_dithmenos_shadows
D:8:      layout_loops_corners, grunt_ashenzari_visionary
          [grunt_ashenzari_visionary_swamp, grunt_ashenzari_visionary_snake],
          serial_undead, serial_undead_b, serial_undead_a, serial_undead_d,
          serial_undead_e
D:9:      layout_roguey, orc_0_dummy
D:10:     layout_loops_corners, kiku_gazebo_pond_becter, minitemple,
          grunt_lair_entry_orc_guard_hut, ebering_ghost_xom
D:11:     layout_loops_ring, kennysheep_orc_sif_temple
D:12:     layout_cave_pods, gauntlet_entry_generic, serial_shops,
          shop_fountains, kennysheep_little_box, shop, nicolae_shop_crystal,
          uniq_frances, uniq_josephine
D:13:     layout_irregular_city, david_vaults_2,
          nicolae_wu_jian_immortal_techniques
D:14:     layout_gridville, portal_ice_cave_entry_ice_statue_two,
          serial_park_gazebo [serial_park_minivault_5x5_8],
          nicolae_transmutations_shop, kennysheep_two_boxes
Temple:   cyrus_circular_temple
Lair:1:   layout_layer_cave, gammafunk_ghost_icy, basic_altar
Lair:2:   layout_misc_corridors, skrybe_swamp_entry_bodies, dummy_snake_entry,
          ebering_ghost_funeral_grove, serial_bayou_shore_b, uniq_sonja,
          uniq_gastronok
Lair:3:   layout_loops_ring
Lair:4:   minmay_lair_venomous_thicket, layout_cellular_growth,
          grunt_megastairs_1
Lair:5:   layout_cave_pods, uniq_kirke, uniq_nessos
Lair:6:   due_jungle_book, layout_loops_ring, slime_altar_1, st_stairs_6,
          minivault_24, serial_bayou_shore_b, lemuel_fruit_fields
Swamp:1:  nicolae_swamp_standing_stones, layout_falls_marsh,
          evilmike_swamp_ruin_rubble_1
Swamp:2:  layout_basic_swamp, evilmike_swamp_ruin_house_6
Swamp:3:  layout_basic_swamp, evilmike_swamp_ruin_house_4,
          infiniplex_staircase_pool
Swamp:4:  swamp_pestilence, layout_basic_swamp
Orc:1:    layout_caves, ebering_ghost_disaster_area, uniq_harold, uniq_erica
Orc:2:    grunt_orc_tribal_feast, layout_caves, ebering_ghost_reflecting_pool

Skill      XL: |  1  2  3  4  5  6  7  8  9 10 11 12 13 14 15 16 17 |
---------------+----------------------------------------------------+-----
Spellcasting   | 3 4 5 6 7 8 9 10 11 | 11.3
Long Blades    | 5 7 9 10 12 13 14 15 | 15.2
Shields        | 1 4 5 7 8 9 10 | 10.3
Fighting       | 5 7 8 9 10 11 12 | 12.9
Armour         | 2 4 6 7 9 10 11 | 11.5
Dodging        | 4 6 7 |  7.8

Action                   |  1- 3 |  4- 6 |  7- 9 | 10-12 | 13-15 | 16-18 || total
-------------------------+-------+-------+-------+-------+-------+-------++-------
Melee: Falchion          |    22 |     1 |       |       |       |       ||    23
       Demon blade       |       |       |    78 |   210 |   755 |   539 ||  1582
 Cast: Scorch            |    24 |    89 |   109 |   181 |   264 |   196 ||   863
       Blink             |       |     2 |       |     8 |     4 |       ||    14
       Call Imp          |       |       |       |     1 |       |       ||     1
       Lee's Rapid Decon |       |       |       |     7 |     6 |     2 ||    15
       Freezing Cloud    |       |       |       |       |     2 |     1 ||     3
Invok: Foxfire Swarm     |       |       |       |     1 |       |       ||     1
Evoke: Lightning rod     |       |       |       |       |     1 |       ||     1
       Wand              |       |       |       |       |     3 |       ||     3
  Use: Scroll            |       |     8 |       |    14 |    12 |     9 ||    43
       Potion            |       |       |     1 |       |     9 |       ||    10
 Stab: Invisible         |       |       |       |       |     6 |     2 ||     8
       Confused          |       |       |       |       |       |     1 ||     1
Armor: Robe              |    11 |    14 |    45 |     6 |       |       ||    76
       Ring mail         |       |       |       |    37 |    78 |       ||   115
       Chain mail        |       |       |       |       |    79 |       ||    79
       Plate armour      |       |       |       |       |    96 |   188 ||   284
Dodge: Dodged            |    18 |    33 |    74 |    97 |   241 |   286 ||   749
Block: Buckler           |       |       |     2 |    47 |   137 |   124 ||   310

Table legend: (Time is in decaauts)
 A = Elapsed time spent in this place.
 B = Non-inter-level travel time spent in this place.
 C = Inter-level travel time spent in this place.
 D = Time resting spent in this place.
 E = Time spent auto-exploring this place.
 F = Levels seen in this place.
 G = Mean time per level.
                   A        B        C        D        E       F      G
               +--------+--------+--------+--------+--------+-----+--------+
         Total |  27361 |  24481 |   2880 |   3550 |  13437 |  30 |  912.0 |
       Dungeon |  13277 |  11491 |   1786 |   1237 |   7445 |  14 |  948.4 |
        Temple |     55 |     45 |     10 |      0 |     38 |   1 |   55.0 |
          Lair |   8114 |   7317 |    797 |    722 |   4138 |   6 | 1352.3 |
         Swamp |   2582 |   2496 |     86 |    741 |    969 |   4 |  645.5 |
  Orcish Mines |   2280 |   2080 |    200 |    698 |    673 |   2 | 1140.0 |
       Ossuary |    118 |    118 |      0 |      4 |     36 |   1 |  118.0 |
      Ice Cave |    133 |    133 |      0 |    100 |      0 |   1 |  133.0 |
      Gauntlet |    798 |    798 |      0 |     48 |    138 |   1 |  798.0 |
               +--------+--------+--------+--------+--------+-----+--------+

Top non-repeatable levels by time:
  Lair:1: 1760 daAuts
  Lair:6: 1628 daAuts
    D:10: 1502 daAuts
  Lair:4: 1375 daAuts
   Orc:1: 1333 daAuts
  Lair:2: 1264 daAuts
 Swamp:3: 1257 daAuts
     D:8: 1240 daAuts
    D:11: 1152 daAuts
     D:9: 1121 daAuts
  Lair:5: 1101 daAuts
     D:1: 1041 daAuts
    D:12: 1024 daAuts
  Lair:3: 984 daAuts
   Orc:2: 947 daAuts
